 Dungeon Crawl Stone Soup version 0.21.1-1-g345015f (webtiles) character file.

1276 inc the Covert (level 8, -9/46 HPs)
             Began as a Felid Monk on Mar 7, 2018.
             Was a Priest of Wu Jian.
             Mangled by a meliai
             ... wielding a +0 hand axe
              (11 damage)
             ... on level 9 of the Dungeon.
             The game lasted 00:17:12 (6148 turns).

inc the Covert (Felid Monk)                         Turns: 6148, Time: 00:17:13

Health: -9/46      AC:  5    Str:  9    XL:     8   Next: 28%
Magic:  9/9        EV: 20    Int: 14    God:    Wu Jian [***...]
Gold:   266        SH:  0    Dex: 19    Spells: 7/7 levels left
                                        Lives:  0   Deaths: 2

rFire    . . .     SeeInvis +     - Unarmed
rCold    + . .     Gourm    .   (shield unavailable)
rNeg     . . .     Faith    .   (armour unavailable)
rPois    .         Spirit   .   (helmet unavailable)
rElec    .         Reflect  .   (cloak unavailable)
rCorr    .         Harm     .   (gloves unavailable)
MR       +....                  (boots unavailable)
Stlth    +++++.....             c - amulet of regeneration
HPRegen  0.55/turn              l - ring of flight
MPRegen  0.11/turn              (no ring)

@: lethally poisoned (-9 -> -19), quick
A: very small, no armour, no weapons or thrown items, stealth, claws 1, fangs 3,
slimy green scales 1, see invisible, carnivore, speed 1, robust 1, shaggy fur 3,
slow metabolism 1, strong 1, MP-powered wands, sharp paws
a: Wall Jump, Serpent's Lash, Renounce Religion, Evoke Flight


You were on level 9 of the Dungeon.
You worshipped Wu Jian.
Wu Jian was most pleased with you.
You were not hungry.

You visited 1 branch of the dungeon, and saw 9 of its levels.

You collected 479 gold pieces.
You spent 213 gold pieces at shops.

Inventory:

Jewellery
 c - an amulet of regeneration (around neck)
 l - a ring of flight (left paw)
Wands
 g - a wand of polymorph (12)
 q - a wand of enslavement (13)
Scrolls
 b - a scroll of immolation {unknown}
 d - 4 scrolls of enchant weapon {unknown}
 e - a scroll of fear
 j - a scroll of teleportation {unknown}
 k - 2 scrolls of amnesia {unknown}
 o - 4 scrolls of remove curse {unknown}
 p - 3 scrolls of enchant armour {unknown}
 r - a scroll of blinking
 t - a scroll of identify
 u - 2 scrolls of magic mapping
Potions
 f - a potion of degeneration
 h - 3 potions of brilliance
 i - a potion of curing
 n - a potion of heal wounds {unknown}
 s - a potion of might {unknown}
Books
 w - a book of Enchantments

   Spells                             Type                      Level
   a - Cause Fear                     Hexes                        4
   b - Yara's Violent Unravelling     Hexes/Transmutation          5
   c - Silence                        Hexes/Air                    5
   d - Deflect Missiles               Charms/Air                   6
   e - Discord                        Hexes                        8
Comestibles
 a - 17 rations
 v - 9 chunks of flesh


   Skills:
 - Level 9.1 Fighting
 - Level 4.0 Dodging
 + Level 10.0 Stealth
 - Level 9.3 Unarmed Combat


You had 7 spell levels left.
You didn't know any spells.

Dungeon Overview and Level Annotations

Branches:
Dungeon (9/15)             Temple (0/1) D:7
   Lair: D:8-11         Orc: D:9-12

Altars:
Ashenzari
Cheibriados
Elyvilon
Makhleb
Nemelex Xobeh
Ru
Trog
Vehumet
Wu Jian
Xom
Yredelemnul
The Shining One

Shops:
D:5 *}%:   D:7 }   D:8 ?

Annotations:
D:5 Sigmund
D:8 inc's ghost, novice FeMo


Innate Abilities, Weirdness & Mutations

You cannot wear armour.
You are incapable of wielding weapons or throwing items.
Your paws allow you to move quietly. (Stealth)
You have sharp claws.
You have razor-sharp teeth.
You have supernaturally acute eyesight. (SInv)
You are carnivorous and can eat meat at any time.
You cover ground quickly.
Your thick and shaggy fur keeps you warm. (AC +3, rC+)
You have a slow metabolism.
Your sharp claws are effective at attacking unaware monsters.
You are partially covered in slimy green scales. (AC +2)
You are robust. (+10% HP)
Your muscles are strong. (Str +2)
You expend magic power (3 MP) to strengthen your wands.


Message History

You feel invigorated. The meliai hits you with a hand axe.
* * * LOW HITPOINT WARNING * * *
The meliai closely misses you.
You're too confused!
You claw the meliai!
The meliai is moderately wounded.
The meliai misses you. x2; The meliai hits you with a hand axe.
* * * LOW HITPOINT WARNING * * *
The meliai barely misses you.
You feel better.
You feel less invigorated.
The meliai mumbles some strange prayers to its god against you.
Something smites you!
* * * LOW HITPOINT WARNING * * *
The meliai misses you. The meliai stings you.
* * * LOW HITPOINT WARNING * * *
You are lethally poisoned!
The meliai poisons you! The meliai hits you with a hand axe.
* * * LOW HITPOINT WARNING * * *
The meliai completely misses you. The meliai hits you with a hand axe!
You die...

# ######## .. #......#
._..[##.
#.####.##......#. #.#
...#.#...#. #.# ##.y....
#. #.# #...#.###.
..######y######.........
.......@y...............
>......y............<...
.##.....#....#.....#...#
#.......#####.#....†..
##.####.. #.####(#.. ..
##. #........) .. ..
######(..# ...
#.###......#
.#.....####y#


You could see 3 meliai.

Vanquished Creatures
  Joseph (D:8)
  The ghost of erloom the Skirmisher, a novice DsFi (D:4)
  A water moccasin (D:7)
  3 orc warriors
  2 ice beasts
  A sky beast (D:7)
  6 ogres
  3 centaurs
  A crocodile (D:8)
  2 bullfrogs
  A scorpion (D:7)
  4 howler monkeys
  3 crimson imps
  3 hounds
  6 orc priests
  2 jellies
  8 orc wizards
  5 worker ants
  A worker ant zombie (D:6)
  2 gnolls
  6 adders
  2 shadow imps
  3 oozes
  An adder zombie (D:9)
  3 worms
  6 dart slugs
  4 leopard geckos
  17 orcs
  3 bats
  5 giant cockroaches
  6 goblins
  4 hobgoblins (D:2)
  3 jackals (D:4)
  7 kobolds
  5 quokkas
  2 ball pythons
  5 frilled lizards
  6 rats
144 creatures vanquished.

Notes
Turn   | Place    | Note
-------+----------+-------------------------------------------
     0 | D:1      | inc the Felid Monk began the quest for the Orb.
     0 | D:1      | Reached XP level 1. HP: 10/10 MP: 2/2
   423 | D:1      | Reached XP level 2. HP: 14/14 MP: 3/3
   938 | D:2      | Reached XP level 3. HP: 12/17 MP: 4/4
  1274 | D:2      | Found an ornate altar of the Wu Jian Council.
  1308 | D:2      | Became a worshipper of the Wu Jian Council
  1308 | D:2      | Reached * piety under Wu Jian
  1308 | D:2      | Reached ** piety under Wu Jian
  1378 | D:2      | Found a shattered altar of Ashenzari.
  2061 | D:4      | Reached skill level 5 in Unarmed Combat
  2061 | D:4      | Reached XP level 4. HP: 21/21 MP: 5/5
  2128 | D:4      | Noticed erloom's ghost (novice DsFi)
  2157 | D:3      | Found a snail-covered altar of Cheibriados.
  2213 | D:3      | Found a basalt altar of Yredelemnul.
  2248 | D:3      | Reached skill level 3 in Stealth
  2366 | D:3      | Found a shimmering altar of Xom.
  2588 | D:3      | Reached skill level 4 in Stealth
  2910 | D:4      | Noticed an ogre
  2926 | D:4      | Reached skill level 5 in Stealth
  2926 | D:4      | Reached XP level 5. HP: 24/24 MP: 6/6
  2961 | D:4      | Killed erloom's ghost
  2961 | D:4      | Gained mutation: You are covered in thick fur. (AC +2) [Felid growth]
  2961 | D:4      | Reached XP level 6. HP: 28/28 MP: 7/7
  2974 | D:4      | Reached XP level 7. HP: 31/31 MP: 8/8
  3257 | D:5      | Entered Level 5 of the Dungeon
  3257 | D:5      | Found Sapuf's Book Emporium.
  3283 | D:5      | Gained mutation: Your magical capacity is low. (-10% MP) [potion of mutation]
  3283 | D:5      | Gained mutation: You expend magic power (3 MP) to strengthen your wands. [potion of mutation]
  3283 | D:5      | Gained mutation: Your muscles are strong. (Str +2) [potion of mutation]
  3333 | D:5      | Found Ryassyhi's Assorted Antiques.
  3334 | D:5      | Found Borphahi's Gadget Shoppe.
  3365 | D:5      | Found Wuqoyrgh's Food Emporium.
  3502 | D:5      | Found a white marble altar of Elyvilon.
  3582 | D:5      | Reached *** piety under Wu Jian
  3732 | D:5      | Noticed Sigmund
  3983 | D:6      | Reached XP level 8. HP: 34/34 MP: 8/8
  4290 | D:5      | Reached skill level 5 in Fighting
  4398 | D:5      | Found a bloodstained altar of Trog.
  4398 | D:5      | Found a radiant altar of Vehumet.
  4569 | D:7      | HP: 1/60 [orc priest/falchion of electrocution (10)]
  4569 | D:7      | Mangled by an orc priest
  4570 | D:7      | Reached XP level 7. HP: -8/54 MP: 7/7
  4613 | D:7      | Reached XP level 8. HP: 40/40 MP: 8/8
  4730 | D:7      | Lost mutation: Your magical capacity is low. (-10% MP) [potion of mutation]
  4730 | D:7      | Gained mutation: You are robust. (+10% HP) [potion of mutation]
  4730 | D:7      | Gained mutation: You are partially covered in slimy green scales. (AC +2) [potion of mutation]
  4730 | D:7      | Gained mutation: Your thick and shaggy fur keeps you warm. (AC +3, rC+) [potion of mutation]
  4849 | D:7      | Found Jukog's Gadget Boutique.
  4955 | D:7      | Found a sparkling altar of Nemelex Xobeh.
  5047 | D:7      | Found a sacrificial altar of Ru.
  5225 | D:7      | Found a staircase to the Ecumenical Temple.
  5326 | D:8      | Noticed Joseph
  5437 | D:8      | Reached skill level 6 in Stealth
  5444 | D:8      | Noticed inc's ghost (novice FeMo)
  5592 | D:8      | Found Zoiseif's Magic Scroll Emporium.
  5606 | D:8      | Bought a scroll of fear for 45 gold pieces
  5606 | D:8      | Bought a scroll of blinking for 97 gold pieces
  5606 | D:8      | Bought a scroll of identify for 26 gold pieces
  5606 | D:8      | Bought a scroll of magic mapping for 45 gold pieces
  5639 | D:8      | Killed Joseph
  5639 | D:8      | Reached skill level 8 in Stealth
  5639 | D:8      | Reached XP level 9. HP: 44/49 MP: 10/10
  5922 | D:8      | Reached skill level 9 in Stealth
  6054 | D:9      | Found a burning altar of Makhleb.
  6107 | D:9      | Found a glowing golden altar of the Shining One.
  6112 | D:9      | Noticed a meliai
  6113 | D:9      | Reached skill level 10 in Stealth
  6117 | D:9      | Noticed a meliai
  6118 | D:9      | Noticed a meliai
  6129 | D:9      | Killed from afar by a meliai
  6130 | D:9      | Reached XP level 8. HP: -1/46 MP: 9/9
  6148 | D:9      | HP: 2/46 [meliai/hand axe (6)]
  6148 | D:9      | Mangled by a meliai

Skill      XL: |  1  2  3  4  5  6  7  8  9 |
---------------+----------------------------+-----
Unarmed Combat | 4 5 7 9 |  9.3
Stealth        | 5 8 10 | 10.0
Fighting       | 9 |  9.1
Dodging        | |  4.0

Action                   |  1- 3 |  4- 6 |  7- 9 || total
-------------------------+-------+-------+-------++-------
Melee: Unarmed           |    92 |    88 |   295 ||   475
       Bite              |     7 |     8 |    32 ||    47
       Punch             |     1 |     2 |    13 ||    16
Invok: Lunge             |     8 |     5 |    31 ||    44
       Wall Jump         |     2 |     7 |    10 ||    19
       Whirlwind         |       |     2 |    21 ||    23
       Serpent's Lash    |       |       |    12 ||    12
  Use: Scroll            |       |     4 |     3 ||     7
       Potion            |       |     1 |     6 ||     7
 Stab: Sleeping          |    15 |     2 |    18 ||    35
       Distracted        |       |     1 |     2 ||     3
  Eat: Chunk             |     2 |       |    20 ||    22
Armor: Skin              |     1 |    22 |    20 ||    43
Dodge: Dodged            |    57 |    37 |   159 ||   253
